Map: Tokamak LE

Players

ManlyManMeat - Winner!

  • Race: Zerg Zerg
  • League: Master
  • Spawn Location: 1:00

Rick

  • Race: Terran Terran
  • Spawn Location: 7:00

VOD

Have the link to the VOD?

Description

Time

  • Played on: June 17, 2025, 12:57 p.m.
  • Length: 4:20
Show
View Real Time Build Order
Export as new Build Order

ManlyManMeat Zerg - Winner!

Build Orders: Hatch First 

Get SALT Encoding   

  12  0:00  Drone  
  13  0:09  Drone  
  14  0:16  Overlord  
  14  0:28  Drone, Extractor  
  15  0:36  Drone x2  
  17  0:55  Hatchery  
  16  0:59  Drone  
  16  1:00  Drone  
  18  1:17  Spawning Pool  
  17  1:19  Drone  
  17  1:20  Extractor  
  18  1:41  Drone x3  
  21  1:56  Overlord  
  21  2:06  Queen x2  
  21  2:07  Zergling x2  
  21  2:08  Zergling x2  
  27  2:14  Overlord  
  27  2:23  Zergling x2  
  28  2:34  Zergling x4  
  30  2:44  Extractor  
  29  2:46  Drone x2  
  29  2:49  Queen  
  29  2:51  Queen  
  35  2:58  Zergling x2  
  35  2:59  Zergling x4  
  38  3:15  Drone x3  
  38  3:16  Drone x3  
  44  3:34  Overlord x2  
  43  4:00  Drone x5, Spore Crawler  
  43  4:01  Drone x2  
  49  4:16  Baneling Nest  
Show
View Real Time Build Order
Export as new Build Order

Rick Terran 

Build Orders:  

Get SALT Encoding   

  12  0:23  Refinery  
  12  0:58  Supply Depot  
  12  2:53  SCV  
  13  3:05  SCV  
  14  3:17  SCV  
  13  3:29  SCV  
  14  3:41  SCV  
  1  4:00  SCV  
Tags
 
League
Master
Matchup
TvZ
Replay Pack
Myownreplay2
Spawn Locations
Cross Positions
Add a new tag
Caveats
  • Supply blocks, unpowered buildings, or Contaminate may cause inaccurate times.
  • Supply counts are checked every 10 seconds.